 Dungeon Crawl Stone Soup version 0.28-a0-643-g84cb2ea78e (webtiles) character file.

Game seed: 10754718001159988427

190948 timneilson the Blocker (level 17, -1/131 HPs)
             Began as a Demonspawn Fighter on Oct 10, 2021.
             Was the Champion of Okawaru.
             Blown up by an orb spider (26 damage)
             ... with an orb of destruction
             ... on level 3 of the Spider Nest on Oct 11, 2021.
             The game lasted 01:20:25 (35109 turns).

timneilson the Blocker (Demonspawn Fighter)        Turns: 35109, Time: 01:20:25

Health: -1/131     AC: 38    Str: 24    XL:     17   Next: 99%
Magic:  0/26       EV:  8    Int: 29    God:    Okawaru [******]
Gold:   2074       SH: 18    Dex: 11    Spells: 16/16 levels left

rFire   + + .      SeeInvis .   K - +11 double sword "Ruungaj" {vorpal, rElec rF- Int+4 Dex+3}
rCold   . . .      Faith    .   T - +2 kite shield of Vobb {rPois rN+ Str+2 Dex-4}
rNeg    + . .      Spirit   +   y - +0 crystal plate armour
rPois   +          Reflect  .   m - +1 hat
rElec   +          Harm     .   a - +0 cloak "Gukum" {Int+7 Slay+3}
rCorr   .          Rampage  .   F - +2 pair of gloves
Will    +....                   N - +0 pair of boots of Circular Logic {rF++}
Stlth   ..........              r - amulet of the Forsaken Queens {Spirit Slay+5}
HPRegen 0.31/turn               C - ring of protection from fire
MPRegen 0.20/turn               o - +4 ring of slaying

@: no status effects
A: horns 2, icemail 2, big brain 3, condensation shield
a: Renounce Religion, Heroism, Finesse, Duel


You were on level 3 of the Spider Nest.
You worshipped Okawaru.
Okawaru was exalted by your worship.
You visited 6 branches of the dungeon, and saw 28 of its levels.
You also visited: Gauntlet and Volcano.

You collected 3060 gold pieces.
You spent 986 gold pieces at shops.

Inventory:

Hand Weapons
 b - the +9 double sword of Okawaru's Supremacy {flame, rF++ rC+}
   (Okawaru gifted it to you on level 1 of the Orcish Mines)

   It burns those it strikes, dealing additional fire damage.
   Big, fiery blades are also staple armaments of hydra-hunters.
   rF:        It greatly protects you from fire.
   rC:        It protects you from cold.
 K - the +11 double sword "Ruungaj" (weapon) {vorpal, rElec rF- Int+4 Dex+3}
   (Okawaru gifted it to you on level 3 of the Lair of Beasts)

   It inflicts extra damage upon your enemies.
   Int:       It affects your intelligence (+4).
   Dex:       It affects your dexterity (+3).
   rF:        It makes you vulnerable to fire.
   rElec:     It insulates you from electricity.
Armour
 a - the +0 cloak "Gukum" (worn) {Int+7 Slay+3}
   (You acquired it on level 12 of the Dungeon)

   Int:       It affects your intelligence (+7).
   Slay:      It affects your accuracy & damage with ranged weapons and melee
   (+3).
 m - a +1 hat (worn)
 y - a +0 crystal plate armour (worn)
 F - a +2 pair of gloves (worn)
 N - the +0 pair of boots of Circular Logic (worn) {rF++}
   (Okawaru gifted it to you on level 6 of the Lair of Beasts)

   rF:        It greatly protects you from fire.
 T - the +2 kite shield of Vobb (worn) {rPois rN+ Str+2 Dex-4}
   (Okawaru gifted it to you on level 1 of the Depths)

   Str:       It affects your strength (+2).
   Dex:       It affects your dexterity (-4).
   rPois:     It protects you from poison.
   rN:        It protects you from negative energy.
Jewellery
 e - a +4 ring of evasion
 h - a ring of protection from fire
 j - a ring of positive energy
 o - a +4 ring of slaying (right hand)
 r - the amulet of the Forsaken Queens (around neck) {Spirit Slay+5}
   (You bought it in a shop on level 2 of the Orcish Mines)

   [amulet of guardian spirit]

   It causes incoming damage to be divided between your reserves of health and
   magic.
   Slay:      It affects your accuracy & damage with ranged weapons and melee
   (+5).
 B - a ring of see invisible
 C - a ring of protection from fire (left hand)
 E - the ring "Kethroru" {rC+ Int+9}
   (You found it in a Gauntlet)

   [ring of protection from cold]

   Int:       It affects your intelligence (+9).
   rC:        It protects you from cold.
 Q - a +4 ring of evasion
 R - a ring of willpower
Wands
 x - a wand of flame (68)
 D - a wand of digging (2)
 J - a wand of mindburst (17)
 S - a wand of iceblast (7)
Scrolls
 i - 16 scrolls of teleportation
 l - 6 scrolls of enchant armour
 s - 7 scrolls of amnesia
 t - 4 scrolls of enchant weapon
 u - 3 scrolls of silence
 v - 5 scrolls of fog
 A - 2 scrolls of magic mapping
 I - 4 scrolls of fear
 P - 5 scrolls of identify
Potions
 c - a potion of resistance
 d - 2 potions of flight
 f - 6 potions of heal wounds
 g - 7 potions of curing
 p - a potion of mutation
 q - a potion of might
 w - 2 potions of invisibility
 z - 4 potions of berserk rage
 G - a potion of magic
 H - a potion of ambrosia
 L - a potion of haste
 M - 3 potions of brilliance
 O - 2 potions of cancellation
Miscellaneous
 n - a tin of tremorstones (2/2)


   Skills:
 + Level 11.2 Fighting
 * Level 14.1 Long Blades
 * Level 14.1 Armour
 + Level 9.9 Dodging
 * Level 14.2 Shields
 + Level 12.6 Invocations
 + Level 9.6 Evocations


You had 16 spell levels left.
You didn't know any spells.
Your spell library contained the following spells:

 Spells                   Type           Power      Damage    Failure   Level
 Foxfire                  Conj/Fire      0%         2x1d4     80%         1
 Magic Dart               Conj           0%         1d3       80%         1
 Pain                     Necr           0%         1d4       80%         1
 Sandblast                Erth           0%         2d4       80%         1
 Shock                    Conj/Air       0%         1d3       80%         1
 Sting                    Tmut/Pois      0%         1d3       80%         1
 Passwall                 Tmut/Erth      0%         N/A       89%         2
 Poisonous Vapours        Pois/Air       0%         N/A       89%         2
 Scorch                   Fire           0%         2d5       89%         2
 Static Discharge         Conj/Air       0%         N/A       89%         2
 Conjure Flame            Conj/Fire      0%         6-21      98%         3
 Dazzling Flash           Conj/Hex       0%         N/A       98%         3
 Frozen Ramparts          Ice            0%         1d2       98%         3
 Inner Flame              Hex/Fire       0%         N/A       98%         3
 Mephitic Cloud           Conj/Pois/Air  0%         N/A       98%         3
 Portal Projectile        Hex/Tloc       0%         N/A       98%         3
 Stone Arrow              Conj/Erth      0%         3d7       98%         3
 Swiftness                Air            0%         N/A       98%         3
 Vampiric Draining        Necr           0%         2d6       98%         3
 Airstrike                Air            0%         N/A       100%        4
 Cause Fear               Hex            0%         N/A       100%        4
 Flame Wave               Conj/Fire      0%         3d3       100%        4
 Hailstorm                Conj/Ice       0%         3d3       100%        4
 Ice Form                 Ice/Tmut       0%         N/A       100%        4
 Leda's Liquefaction      Hex/Erth       0%         N/A       100%        4
 Olgreb's Toxic Radiance  Pois           0%         N/A       100%        4
 Agony                    Necr           0%         N/A       100%        5
 Alistair's Intoxication  Tmut/Pois      0%         N/A       100%        5
 Blade Hands              Tmut           0%         N/A       100%        5
 Borgnjor's Vile Clutch   Necr/Erth      0%         N/A       100%        5
 Excruciating Wounds      Necr           0%         N/A       100%        5
 Irradiate                Conj/Tmut      0%         3d13      100%        5
 Lightning Bolt           Conj/Air       0%         1d11      100%        5
 Silence                  Hex/Air        0%         N/A       100%        5
 Eringya's Noxious Bog    Tmut/Pois      0%         N/A       100%        6
 Invisibility             Hex            0%         N/A       100%        6
 Dragon Form              Tmut           0%         N/A       100%        7
 Lehudib's Crystal Spear  Conj/Erth      0%         10d2      100%        8
 Maxwell's Capacitive Co  Air            0%         ∞         100%        8
 Animate Skeleton         Necr           Unusable   N/A       N/A         1
 Call Imp                 Summ           Unusable   N/A       N/A         2
 Call Canine Familiar     Summ           Unusable   N/A       N/A         3
 Animate Armour           Summ/Erth      Unusable   N/A       N/A         4
 Summon Ice Beast         Ice/Summ       Unusable   N/A       N/A         4
 Summon Lightning Spire   Summ/Air       Unusable   N/A       N/A         4
 Simulacrum               Ice/Necr       Unusable   N/A       N/A         6
 Summon Cactus Giant      Summ           Unusable   N/A       N/A         6
 Dragon's Call            Summ           Unusable   N/A       N/A         9

Dungeon Overview and Level Annotations

Branches:
Dungeon (15/15)            Temple (1/1) D:7            Lair (6/6) D:10
 Shoals (0/4) Lair:2       Spider (3/4) Lair:4        Slime (0/5) Lair:5
    Orc (2/2) D:9             Elf (0/3) Orc:2        Vaults (0/5) D:13
 Depths (1/4) D:15        Volcano (visited)         Gauntlet (visited)

Altars:
Ashenzari
Cheibriados
Dithmenos
Elyvilon
Fedhas
Gozag
Hepliaklqana
Kikubaaqudgha
Makhleb
Nemelex Xobeh
Okawaru
Qazlal
Ru
Sif Muna
Trog
Uskayaw
Vehumet
Wu Jian
Xom
Yredelemnul
Zin
The Shining One
Beogh

Shops:
D:4 =!   D:9 *   D:14 (   Orc:1 !   Orc:2 ((:(=

Annotations:
Lair:2 exclusion: oklob plant
Depths:1 1 runed translucent door, iamoutofideas's ghost, adept HOMo


Innate Abilities, Weirdness & Mutations

You have a pair of horns on your head.
A meltable icy envelope protects you from harm. (AC +8)
You have an absolutely massive brain. (Int +6, Wiz)
A meltable shield of frost defends you. (SH +4)


Message History

A tarantella comes into view.
The jumping spider leaps!
An orb of destruction comes into view.
The jumping spider leaps!
You slice the tarantella!! You headbutt the tarantella.
You kill the tarantella!
Okawaru accepts your kill.
The jumping spider leaps!
A redback comes into view.
The orb spider pulsates with a strange energy.
The orb spider begins to weave its threads into a brightly glowing ball.
The jumping spider leaps!
Found a scroll of vulnerability.
The orb spider weaves a glowing orb of energy.
You block the orb of destruction.
You slice the orb spider!!
You kill the orb spider!
Okawaru accepts your kill.
The orb spider weaves a glowing orb of energy.
The orb spider begins to weave its threads into a brightly glowing ball.
An orb of destruction comes into view.
The orbs collide in a blinding explosion!
The orb of destruction hits the jumping spider!!
The jumping spider is blown up!
The orb of destruction hits you!!!
* * * LOW HITPOINT WARNING * * *
You hear an angry hiss.
You hear a shout!
You hear an angry hiss. x2
You hear an angry buzzing noise.
You hear an angry hiss. x18
The orb spider weaves a glowing orb of energy. x3 3 orbs of destruction come into view.
The wavering orb of destruction hits the redback!!
The redback is blown up!
A tarantella comes into view.
The orb spider begins to weave its threads into a brightly glowing ball.
The orb spider spins a strand of pure energy.
Things that are here:
a jumping spider corpse; a jumping spider corpse The orb spider spins a strand of pure energy.
The orb of destruction hits you!!
You die...

..................
...................
....................
.......^.s.......^..
......(.........#>..
....s○..ss..........
.....s°°..>.........
.......○○°○...#.....
...^.^.†.○*○@.......
#.......##†#^.##..#.
.≈.....#≈##......#
..#.... # ##......#
....... ....≈..#
....... ....≈.≈#
?...... ###^#### ##


You could see 3 orb spiders and a tarantella.

Vanquished Creatures
  Jorgrun (D:12)
  A walking earthen tome (Depths:1)
  A lich (Depths:1)
  A titan (Depths:1)
  An iron dragon (Depths:1)
  2 orc warlords (Orc:2)
  A balrug (Gauntlet)
  A ghost moth (Spider:1)
  2 emperor scorpions
  A stone giant (Depths:1)
  2 entropy weavers (Spider:1)
  A bunyip (shapeshifter) (Gauntlet)
  A red draconian (Volcano)
  A spark wasp (Depths:1)
  A minotaur (Gauntlet)
  Snorg (D:13)
  A fire dragon (Lair:6)
  A great orb of eyes (Depths:1)
  3 ice dragons
  A vault guard (D:13)
  2 rakshasas
  9 hydras
  11 boulder beetles
  An anaconda (shapeshifter) (Depths:1)
  A catoblepas (Lair:5)
  10 centaur warriors
  2 death knights
  5 two-headed ogres
  2 deep troll shamans (Depths:1)
  3 tengu warriors
  9 death yaks
  3 deep troll earth magi (Depths:1)
  An orc high priest (Orc:2)
  2 skeletal warriors (D:15)
  A deep troll (Depths:1)
  A glowing orange brain (Depths:1)
  2 wizards (D:13)
  A lindwurm (Lair:6)
  3 necromancers
  2 cyclopes (D:14)
  4 deep elf pyromancers
  14 wolf spiders
  5 orc sorcerers (Orc:2)
  23 ugly things
  7 orb spiders
  3 manticores
  The ghost of SkeletonJelly the Covert, a novice SpAK of Lugonu (D:7)
  An orc knight (Orc:1)
  A deep elf zephyrmancer (D:12)
  6 black mambas
  A centaur zombie (D:11)
  27 elephants
  2 molten gargoyles (Volcano)
  13 cane toads
  A black mamba (shapeshifter) (D:15)
  A gargoyle (D:13)
  3 orange demons (D:13)
  8 rime drakes
  8 torpor snails
  A minotaur zombie (Gauntlet)
  3 freezing wraiths
  2 unseen horrors
  2 kobold demonologists
  A yaktaur (Volcano)
  5 komodo dragons
  5 demonic crawlers
  2 efreet
  31 jumping spiders
  2 tengu conjurers (Gauntlet)
  6 trolls
  6 polar bears (Lair:2)
  4 tyrant leeches (Lair:6)
  12 hornets
  2 hornets (shapeshifter)
  20 blink frogs (Lair:6)
  15 dream sheep
  52 redbacks
  Sigmund (D:2)
  2 shadows
  54 yaks
  3 wyverns
  20 tarantellas
  A vampire (D:10)
  5 wraiths
  Eustachio (D:6)
  19 humans (D:13)
  4 basilisks
  11 fire bats
  10 vampire mosquitoes
  A steam dragon (shapeshifter) (Gauntlet)
  A warg (Orc:2)
  An acid dragon (D:10)
  16 water moccasins
  A hell hound (D:8)
  An ice beast (D:6)
  31 orc warriors
  6 black bears
  A sky beast (D:6)
  2 necrophages
  12 ogres
  16 centaurs
  4 wolves (Lair:3)
  A phantom (D:6)
  4 kobold brigands
  12 bullfrogs
  2 gnoll sergeants
  12 scorpions
  A water moccasin zombie (D:5)
  A water moccasin skeleton (D:5)
  9 killer bees
  3 howler monkeys (D:8)
  10 wights
  A bullfrog zombie (D:5)
  9 lava snakes
  3 hounds
  A jelly (Lair:5)
  3 gnoll shamans
  An iguana (D:6)
  32 orc priests
  4 scorpion zombies (D:5)
  27 orc wizards
  2 polar bear simulacra (Lair:5)
  2 yak simulacra (Lair:5)
  4 wolf simulacra (Lair:5)
  A hound zombie (D:5)
  2 hound skeletons
  A howler monkey zombie (D:8)
  A howler monkey skeleton (D:7)
  5 adders
  21 gnolls
  2 shadow imps
  A white imp (D:8)
  4 ufetubi
  An adder zombie (D:5)
  5 worms
  A dart slug (D:3)
  76 orcs
  7 ball pythons
  9 endoplasms
  8 giant cockroaches
  10 goblins
  8 hobgoblins
  3 jackals (D:3)
  4 quokkas
  5 bats
  3 frilled lizards
  11 kobolds
  10 rats
  3 river rat simulacra (Lair:5)
966 creatures vanquished.

Vanquished Creatures (others)
  An ice dragon (D:15)
  A wolf spider (Spider:2)
  Maurice (D:13)
  A jumping spider (Spider:3)
  2 redbacks
  An orc wizard (D:8)
  A fire vortex (D:8)
  18 fungi
  46 plants
  2 withered plants (Depths:1)
74 creatures vanquished.

Grand Total: 1040 creatures vanquished

Notes
Turn   | Place    | Note
-------+----------+-------------------------------------------
     0 | D:1      | timneilson the Demonspawn Fighter began the quest for the
                  | Orb.
     0 | D:1      | Reached XP level 1. HP: 18/18 MP: 1/1
   345 | D:1      | Gained mutation: You have a pair of small horns on your
                  | head. [demonic ancestry]
   345 | D:1      | Reached XP level 2. HP: 24/24 MP: 2/2
   783 | D:1      | Found a faded altar of an unknown god.
   790 | D:1      | Got Plato's Catalogue of Combat Magic
   972 | D:1      | You fall into a shaft and drop 1 floor!
   979 | D:2      | Gained mutation: A meltable shield of frost defends you.
                  | (SH +4) [demonic ancestry]
   979 | D:2      | Reached XP level 3. HP: 27/29 MP: 3/3
  1358 | D:2      | Noticed Sigmund
  1363 | D:2      | Killed Sigmund
  1364 | D:2      | Reached skill level 1 in Dodging
  1364 | D:2      | Gained mutation: You have an unusually large brain. (Int
                  | +2) [demonic ancestry]
  1364 | D:2      | Reached XP level 4. HP: 35/35 MP: 4/4
  1364 | D:2      | Reached XP level 5. HP: 41/41 MP: 5/5
  2238 | D:3      | Reached XP level 6. HP: 39/47 MP: 6/6
  2597 | D:3      | Found a blossoming altar of Fedhas.
  2972 | D:4      | Found Myog's Jewellery Boutique.
  3057 | D:4      | Found a sacrificial altar of Ru.
  3153 | D:4      | Found Lezxawyw's Distillery.
  3301 | D:4      | Reached XP level 7. HP: 42/53 MP: 5/7
  3578 | D:5      | Entered Level 5 of the Dungeon
  4125 | D:5      | Reached skill level 5 in Armour
  4125 | D:5      | Reached XP level 8. HP: 61/61 MP: 8/8
  4245 | D:5      | Found a snail-covered altar of Cheibriados.
  4296 | D:5      | Found a basalt altar of Yredelemnul.
  4374 | D:6      | Reached skill level 5 in Shields
  4410 | D:6      | Reached skill level 5 in Long Blades
  4680 | D:6      | Noticed Eustachio
  4697 | D:6      | Killed Eustachio
  5054 | D:6      | You fall into a shaft and drop 3 floors!
  5268 | D:8      | Reached skill level 5 in Fighting
  5516 | D:7      | Noticed SkeletonJelly's ghost (novice SpAK)
  5516 | D:7      | Found a runed translucent door.
  5543 | D:7      | Gained mutation: A meltable icy envelope protects you from
                  | harm. (AC +8) [demonic ancestry]
  5543 | D:7      | Reached XP level 9. HP: 61/68 MP: 9/9
  5848 | D:6      | Found a transporter.
  5851 | D:6      | Noticed a deep elf pyromancer
  5856 | D:6      | Found a transporter.
  5883 | D:6      | Found an ornate altar of the Wu Jian Council.
  6396 | D:7      | Identified the +6 war axe "Bevion" {flame, rF+}
  6845 | D:7      | Found a staircase to the Ecumenical Temple.
  6956 | D:7      | Found a radiant altar of Vehumet.
  6960 | Temple   | Entered the Ecumenical Temple
  7129 | Temple   | Became a worshipper of Warmaster Okawaru
  7273 | D:7      | Found a stormy altar of Qazlal.
  7806 | D:8      | Reached skill level 1 in Invocations
  7810 | D:8      | You fall into a shaft and drop 1 floor!
  7884 | D:8      | Reached * piety under Okawaru
  8048 | D:8      | Found a broken altar of Ashenzari.
  8222 | D:8      | Identified the +0 quarterstaff of the New World {protect,
                  | rC++}
  8741 | D:8      | Reached XP level 10. HP: 61/76 MP: 9/11
  9470 | D:9      | Found a hide-covered altar of Uskayaw.
  9470 | D:9      | Found the +5 scythe "Finisher" {speed, eviscerate}
  9523 | D:9      | Reached ** piety under Okawaru
  9724 | D:9      | Found a staircase to the Orcish Mines.
  9927 | D:9      | Found Jayghul's Elemental Accessories.
 10293 | D:10     | Entered Level 10 of the Dungeon
 10359 | D:9      | Noticed a smoke demon
 10359 | D:9      | Noticed a soul eater
 10361 | D:9      | Reached skill level 1 in Evocations
 10538 | D:10     | Found a hazy altar of Hepliaklqana.
 10855 | D:10     | Noticed a two-headed ogre
 10866 | D:10     | Killed a two-headed ogre
 11191 | D:10     | Reached skill level 5 in Dodging
 11341 | D:10     | Found a staircase to the Lair.
 11466 | D:11     | Noticed a two-headed ogre
 11479 | D:11     | Killed a two-headed ogre
 11479 | D:11     | Reached *** piety under Okawaru
 11480 | D:11     | Gained mutation: You have an extremely huge brain. (Int +4)
                  | [demonic ancestry]
 11480 | D:11     | Reached XP level 11. HP: 25/83 MP: 5/14
 11735 | D:11     | Noticed a five-headed hydra
 12522 | D:11     | Noticed a two-headed ogre
 12812 | D:11     | Killed a two-headed ogre
 13082 | D:11     | Killed a five-headed hydra
 13082 | D:11     | Reached **** piety under Okawaru
 13083 | D:11     | Reached skill level 5 in Invocations
 13467 | D:12     | Noticed a seven-headed hydra
 13472 | D:12     | Killed a seven-headed hydra
 13561 | Lair:1   | Entered Level 1 of the Lair of Beasts
 13737 | Lair:1   | Noticed a four-headed hydra
 13751 | Lair:1   | Killed a four-headed hydra
 13981 | Lair:1   | Reached ***** piety under Okawaru
 14554 | Lair:2   | Noticed an oklob plant
 14762 | Lair:2   | Gained mutation: A meltable icy envelope protects you from
                  | harm. (AC +8) [demonic ancestry]
 14762 | Lair:2   | Reached XP level 12. HP: 44/91 MP: 8/16
 14912 | Lair:2   | Received a gift from Okawaru
 15293 | Lair:2   | Noticed a death yak
 15294 | Lair:2   | Noticed a death yak
 15296 | Lair:2   | Noticed a death yak
 15298 | Lair:2   | Noticed a death yak
 15302 | Lair:2   | Noticed a death yak
 15302 | Lair:2   | Noticed a death yak
 15308 | Lair:2   | Killed a death yak
 15317 | Lair:2   | Killed a death yak
 15321 | Lair:2   | Killed a death yak
 15342 | Lair:2   | Killed a death yak
 15346 | Lair:2   | Killed a death yak
 15349 | Lair:2   | Killed a death yak
 15607 | Lair:2   | Found a staircase to the Shoals.
 16232 | Lair:3   | Noticed a seven-headed hydra
 16239 | Lair:3   | Killed a seven-headed hydra
 16239 | Lair:3   | Reached ****** piety under Okawaru
 16356 | Lair:3   | Identified the +11 double sword "Ruungaj" {vorpal, rElec
                  | rF- Int+4 Dex+3} (Okawaru gifted it to you on level 3 of
                  | the Lair of Beasts)
 16356 | Lair:3   | Received a gift from Okawaru
 16586 | Lair:3   | You fall into a shaft and drop 3 floors!
 16586 | Lair:6   | Entered Level 6 of the Lair of Beasts
 16629 | Lair:6   | Reached skill level 10 in Armour
 16633 | Lair:6   | Reached skill level 10 in Shields
 16648 | Lair:6   | Reached skill level 5 in Evocations
 16725 | Lair:6   | Reached XP level 13. HP: 92/98 MP: 16/18
 16739 | Lair:6   | Reached skill level 10 in Long Blades
 16779 | Lair:6   | Identified the +0 pair of boots of Circular Logic {rF++}
                  | (Okawaru gifted it to you on level 6 of the Lair of Beasts)
 16779 | Lair:6   | Received a gift from Okawaru
 18593 | Lair:3   | Received a gift from Okawaru
 18863 | Lair:3   | Reached XP level 14. HP: 98/106 MP: 17/20
 19925 | Lair:4   | Found a hole to the Spider Nest.
 20265 | Lair:5   | Found a staircase to the Slime Pits.
 20542 | Lair:5   | Received a gift from Okawaru
 20953 | Lair:5   | Gained mutation: You have a pair of horns on your head.
                  | [demonic ancestry]
 20953 | Lair:5   | Reached XP level 15. HP: 113/113 MP: 22/22
 21438 | Lair:6   | Found a runed translucent door.
 21638 | Lair:6   | Reached skill level 10 in Invocations
 21760 | Lair:6   | Paralysed by a hornet for 1 turns
 22327 | Orc:1    | Entered Level 1 of the Orcish Mines
 22414 | Orc:1    | You fall into a shaft and drop 1 floor!
 22414 | Orc:2    | Entered Level 2 of the Orcish Mines
 22498 | Orc:2    | Noticed an orc warlord
 22506 | Orc:2    | Found a dark tunnel.
 22511 | Volcano  | Entered a volcano
 22914 | Volcano  | Found a burning altar of Makhleb.
 23385 | Orc:1    | Found Saodgh's Distillery.
 23386 | Orc:1    | Identified the +9 double sword of Okawaru's Supremacy
                  | {flame, rF++ rC+} (Okawaru gifted it to you on level 1 of
                  | the Orcish Mines)
 23386 | Orc:1    | Received a gift from Okawaru
 23799 | Orc:2    | Killed an orc warlord
 23841 | Orc:2    | Paralysed by an orc sorcerer for 2 turns
 23917 | Orc:2    | Found Ririem Nywi's Jewellery Boutique.
 23978 | Orc:2    | Noticed an orc warlord
 24017 | Orc:2    | Killed an orc warlord
 24086 | Orc:1    | Reached XP level 16. HP: 67/121 MP: 16/23
 24396 | Orc:2    | Found a staircase to the Elven Halls.
 24439 | Orc:2    | Found Pezast's Antique Weapon Boutique.
 24439 | Orc:2    | Found Gagijol's Antique Weapon Shop.
 24439 | Orc:2    | Found Gakawnin's Book Boutique.
 24448 | Orc:2    | Found Zetucorph's Weapon Shop.
 25051 | D:12     | Noticed Jorgrun
 25071 | D:12     | Killed Jorgrun
 25840 | D:12     | Identified a scroll of acquirement
 25840 | D:12     | Acquired the +0 cloak "Gukum" {Int+7 Slay+3}
 25970 | Orc:2    | Bought the amulet of the Forsaken Queens {Spirit Slay+5}
                  | for 986 gold pieces
 26367 | D:13     | Identified the +0 chain mail of Xyaz {Contam Rampage rPois
                  | Str-4} (Okawaru gifted it to you on level 13 of the
                  | Dungeon)
 26367 | D:13     | Received a gift from Okawaru
 26586 | D:13     | You fall into a shaft and drop 1 floor!
 26666 | D:14     | Reached skill level 10 in Fighting
 26994 | D:14     | Found Ricoar's Antique Weapon Emporium.
 27330 | D:13     | Noticed Maurice
 27333 | D:13     | Killed Maurice
 27410 | D:13     | Noticed Snorg
 27421 | D:13     | Killed Snorg
 27819 | D:13     | Found a gate to the Vaults.
 29099 | D:15     | Entered Level 15 of the Dungeon
 29151 | D:15     | Found a gate leading to a gauntlet.
 29163 | Gauntlet | Entered a Gauntlet
 29163 | Gauntlet | Found a transporter.
 29174 | Gauntlet | Found a transporter.
 29189 | Gauntlet | Found a transporter.
 29194 | Gauntlet | Found a transporter.
 29214 | Gauntlet | Found a transporter.
 29228 | Gauntlet | Found a transporter.
 29240 | Gauntlet | Found a transporter.
 29248 | Gauntlet | Found a transporter.
 29248 | Gauntlet | Found a transporter.
 29261 | Gauntlet | Found a large runed translucent door.
 29262 | Gauntlet | Found a large runed translucent door.
 29263 | Gauntlet | Found a large runed translucent door.
 29263 | Gauntlet | Found a large runed translucent door.
 29264 | Gauntlet | Found a runed translucent gate.
 29265 | Gauntlet | Found a transporter.
 29265 | Gauntlet | Found a runed translucent gate.
 29266 | Gauntlet | Found a runed translucent gate.
 29267 | Gauntlet | Found a large runed translucent door.
 29267 | Gauntlet | Found a large runed translucent door.
 29268 | Gauntlet | Found a large runed translucent door.
 29269 | Gauntlet | Found a large runed translucent door.
 29277 | Gauntlet | Found a transporter.
 29279 | Gauntlet | Found a large runed translucent door.
 29279 | Gauntlet | Found a large runed translucent door.
 29279 | Gauntlet | Found a runed translucent door.
 29279 | Gauntlet | Found a runed translucent door.
 29280 | Gauntlet | Found a large runed translucent door.
 29281 | Gauntlet | Found a large runed translucent door.
 29283 | Gauntlet | Found a transporter.
 29283 | Gauntlet | Found a transporter.
 29298 | Gauntlet | Found a transporter.
 29304 | Gauntlet | Found a transporter.
 29343 | Gauntlet | Found a transporter.
 29369 | Gauntlet | Found a transporter.
 29371 | Gauntlet | Found a transporter.
 29481 | Gauntlet | Found a large runed translucent door.
 29481 | Gauntlet | Found a large runed translucent door.
 29482 | Gauntlet | Found a large runed translucent door.
 29483 | Gauntlet | Found a large runed translucent door.
 29764 | Gauntlet | Identified the ring "Kethroru" {rC+ Int+9}
 29808 | Gauntlet | Received a gift from Okawaru
 30313 | D:15     | Found a staircase to the Depths.
 31130 | Depths:1 | Entered Level 1 of the Depths
 31141 | Depths:1 | Gained mutation: You have an absolutely massive brain. (Int
                  | +6, Wiz) [demonic ancestry]
 31141 | Depths:1 | Reached XP level 17. HP: 129/129 MP: 18/25
 31389 | Depths:1 | Found a bloodstained altar of Trog.
 31414 | Depths:1 | Identified the +2 kite shield of Vobb {rPois rN+ Str+2
                  | Dex-4} (Okawaru gifted it to you on level 1 of the Depths)
 31414 | Depths:1 | Received a gift from Okawaru
 31448 | Depths:1 | Found a runed translucent door.
 31448 | Depths:1 | Noticed iamoutofideas's ghost (adept HOMo)
 31529 | Depths:1 | Noticed a titan
 31542 | Depths:1 | Noticed a lich
 31549 | Depths:1 | Killed a lich
 31820 | Depths:1 | Noticed a walking earthen tome
 31829 | Depths:1 | Killed a titan
 31845 | Depths:1 | Killed a walking earthen tome
 32158 | Spider:1 | Entered Level 1 of the Spider Nest
 32860 | Spider:1 | Identified the +8 short sword "Wimuir" {distort, Will+
                  | Dex+4}
 33278 | D:7      | Killed SkeletonJelly's ghost
 33625 | Spider:2 | Identified the +8 hand crossbow "Xashrutokh" {flame, rElec}
                  | (Okawaru gifted it to you on level 2 of the Spider Nest)
 33625 | Spider:2 | Received a gift from Okawaru
 35092 | Spider:3 | Received a gift from Okawaru
 35109 | Spider:3 | Blown up by an orb spider

Illustrated notes

Levels and vault maps discovered:
D:1:      amcnicky_arrival_single_pillar, layout_basic,
          shapermc_ecumenical_altar_rom_forum, serial_glass, glass_columns_a,
          glass_columns_a, glass_columns_a, glass_columns_b, glass_columns_b,
          glass_columns_a, glass_columns_a, glass_columns_a, glass_columns_b,
          glass_columns_b, minmay_misc_feat_cross
D:2:      layout_loops_ring, minivault_24, uniq_sigmund
D:3:      layout_loops_cross, fedhas_altar_2
D:4:      layout_cave_pools, mainiacjoe_overflow_alcove_2, serial_shops,
          nicolae_shop_statue_plus, nicolae_diamond_shop
D:5:      layout_rooms, mainiacjoe_overflow_tiny_flanked,
          nicolae_yredelemnul_corpse_copse, hex_tiny, nrook_mini_backslash,
          minivault_14
D:6:      layout_basic, gammafunk_temple_overflow_arena, uniq_eustachio
D:7:      layout_cave_pods, mainiacjoe_overflow_small_starburst,
          mainiacjoe_overflow_alcove_1, minmay_temple_entry_offerings,
          hellmonk_ghost_happy_afterlife
D:8:      layout_loops_ring, mainiacjoe_overflow_24_doors, hangedman_incinerator
D:9:      layout_long_grid, eat_drink_and_be_merry_uskayaw, orc_0_dummy,
          nicolae_elemental_shop, hangedman_abyss_or_decor_clamps
D:10:     layout_roguey, general_overflow_altar, lair_entry_dummy,
          kennysheep_windowed_goal
D:11:     layout_gridville, minivault_23
D:12:     layout_gridville, billiards_dpeg, uniq_jorgrun
D:13:     layout_basic, grunt_vaults_entry_tiered, einodemon_barbed_minivault,
          uniq_snorg, uniq_maurice
D:14:     layout_cave_pods, serial_shops, nicolae_shop_behind_doors
D:15:     grunt_enter_depths_hoard, layout_loops_corners,
          gauntlet_entry_generic, corner_web_ring, grunt_ministairs_6
Temple:   nicolae_temple_x_marks_the_god
Lair:1:   layout_loops_ring
Lair:2:   beast_lair_carwin_large_1, layout_cave_pods,
          minmay_shoals_entry_centaurs, minmay_lair_oklob_bushes
Lair:3:   layout_cellular_growth
Lair:4:   layout_regular_city, nicolae_spider_entry_non_spiders,
          serial_bayou_shore_b
Lair:5:   layout_roguey, nicolae_slime_entry_slimehenge, lookout_lair_type,
          eino_house_with_fridge, grunt_megastairs_5
Lair:6:   wormcave, layout_cave_pods, minmay_lair_drake_nest
Spider:1: layout_spider_delve, nicolae_spider_rock_and_or_roll
Spider:2: nicolae_spider_jumping_over_cracks
          [nicolae_spider_jumping_sub_no_exit, nicolae_spider_jumping_sub_plain,
          nicolae_spider_jumping_sub_plain, nicolae_spider_jumping_sub_lanes],
          drop_trap, hangedman_spider_mandibles
Spider:3: layout_spider_delve
Orc:1:    layout_caves, basic_altar, serial_shops, nicolae_shop_crystal,
          mines2_lemuel
Orc:2:    st_orc_mages, layout_caves, serial_shops, shop, enter_volcano_2
Depths:1: layout_roguey, gammafunk_ghost_grave, hell_entry,
          trog_three_pillars_becter, kennysheep_another_room,
          columned_hall_lemuel, minmay_the_grid_2x2
          [minmay_the_grid_zigzag_pyramid, minmay_the_grid_dragon_b,
          minmay_the_grid_rooms, minmay_the_grid_prize_inner_circle],
          uniq_saint_roka

Skill      XL: |  1  2  3  4  5  6  7  8  9 10 11 12 13 14 15 16 17 |
---------------+----------------------------------------------------+-----
Long Blades    | 2 3 4 5 6 7 8 9 10 11 12 13 14 | 14.1
Shields        | 3 4 6 7 8 9 10 11 12 13 14 | 14.2
Armour         | 3 4 5 6 7 8 9 10 11 12 13 14 | 14.1
Dodging        | 1 2 3 4 5 6 7 8 9 |  9.9
Fighting       | 4 5 6 7 8 9 10 11 | 11.2
Invocations    | 2 4 6 7 8 9 10 11 12 | 12.6
Evocations     | 2 3 5 6 7 8 9 |  9.6

Action                   |  1- 3 |  4- 6 |  7- 9 | 10-12 | 13-15 | 16-18 || total
-------------------------+-------+-------+-------+-------+-------+-------++-------
Melee: Long sword        |   101 |   130 |   496 |   555 |       |       ||  1282
       Headbutt          |     8 |    19 |   125 |   161 |   191 |   199 ||   703
       Demon blade       |       |       |       |   140 |       |       ||   140
       Double sword      |       |       |       |    64 |   783 |   837 ||  1684
Invok: Heroism           |       |       |     1 |    12 |    10 |    15 ||    38
       Finesse           |       |       |       |       |     4 |     5 ||     9
Evoke: Wand              |       |       |       |    25 |    28 |       ||    53
  Use: Potion            |     1 |       |     6 |       |     2 |     2 ||    11
       Scroll            |       |     3 |    10 |     3 |    11 |     6 ||    33
 Stab: Invisible         |       |       |     5 |       |       |       ||     5
       Held in net/web   |       |       |       |       |       |     1 ||     1
Armor: Scale mail        |    49 |    38 |    36 |       |       |       ||   123
       Skin              |       |       |    10 |       |       |       ||    10
       Chain mail        |       |       |   166 |   214 |       |       ||   380
       Plate armour      |       |       |       |   187 |   386 |   280 ||   853
       Crystal plate arm |       |       |       |       |       |   271 ||   271
Dodge: Dodged            |    38 |    58 |   182 |   409 |   273 |   297 ||  1257
Block: Buckler           |    34 |    57 |   273 |   383 |   407 |   294 ||  1448
       Kite shield       |       |       |       |       |       |   375 ||   375

Table legend: (Time is in decaauts)
 A = Elapsed time spent in this place.
 B = Non-inter-level travel time spent in this place.
 C = Inter-level travel time spent in this place.
 D = Time resting spent in this place.
 E = Time spent auto-exploring this place.
 F = Levels seen in this place.
 G = Mean time per level.
                   A        B        C        D        E       F      G
               +--------+--------+--------+--------+--------+-----+--------+
         Total |  34845 |  32853 |   1992 |   2988 |  21990 |  30 | 1161.5 |
       Dungeon |  19748 |  18576 |   1172 |   1631 |  13147 |  15 | 1316.5 |
        Temple |    179 |    154 |     25 |      0 |    148 |   1 |  179.0 |
          Lair |   9009 |   8396 |    613 |   1128 |   5277 |   6 | 1501.5 |
   Spider Nest |   2305 |   2205 |    100 |     70 |   1526 |   3 |  768.3 |
  Orcish Mines |   1678 |   1596 |     82 |      0 |    948 |   2 |  839.0 |
        Depths |    515 |    515 |      0 |      0 |    230 |   1 |  515.0 |
       Volcano |    786 |    786 |      0 |    158 |    425 |   1 |  786.0 |
      Gauntlet |    622 |    622 |      0 |      0 |    289 |   1 |  622.0 |
               +--------+--------+--------+--------+--------+-----+--------+

Top non-repeatable levels by time:
  Lair:6: 2722 daAuts
     D:8: 2090 daAuts
    D:11: 1784 daAuts
  Lair:2: 1714 daAuts
     D:9: 1713 daAuts
    D:13: 1654 daAuts
    D:15: 1612 daAuts
Spider:2: 1536 daAuts
    D:14: 1378 daAuts
  Lair:3: 1312 daAuts
     D:6: 1294 daAuts
     D:7: 1208 daAuts
    D:12: 1206 daAuts
     D:5: 1123 daAuts
  Lair:4: 1117 daAuts
